 Dungeon Crawl Stone Soup version 0.20.0-8-g6b59dc7 (webtiles) character file.

126 McKennaii the Skirmisher (level 4, -4/37 HPs)
             Began as a Demonspawn Abyssal Knight on May 31, 2017.
             Was a Follower of Lugonu.
             Killed from afar by a white imp (11 damage)
             ... with a puff of frost
             ... summoned by Natasha
             ... on level 3 of the Dungeon.
             The game lasted 00:04:14 (3088 turns).

McKennaii the Skirmisher (DsAK)                     Turns: 3088, Time: 00:04:15

Health: -4/37      AC:  3    Str: 12    XL:     4   Next: 84%
Magic:  6/6        EV: 11    Int: 13    God:    Lugonu [*.....]
Gold:   101        SH:  0    Dex: 14    Spells: 3/3 levels left

rFire    . . .     SeeInvis .   a - +1 falchion
rCold    . . .     Gourm    .   (no shield)
rNeg     . . .     Faith    .   b - +0 leather armour
rPois    .         Spirit   .   (helmet restricted)
rElec    .         Reflect  .   (no cloak)
rCorr    .         Harm     .   (no gloves)
MR       .....                  (no boots)
Stlth    +.........             (no amulet)
Regen    0.2/turn               (no ring)
MPRegen  0.1/turn               (no ring)

@: no status effects
A: antennae 1, powered by pain 2
a: Depart the Abyss, Renounce Religion


You were on level 3 of the Dungeon.
You worshipped Lugonu.
Lugonu was aware of your devotion.
You were not hungry.

You visited 1 branch of the dungeon, and saw 3 of its levels.
You visited the Abyss 1 time.

You collected 101 gold pieces.

Inventory:

Hand Weapons
 a - a +1 falchion (weapon)
Armour
 b - a +0 leather armour (worn)
Jewellery
 u - an uncursed ring of fire
 x - an uncursed ring of flight {unknown}
Scrolls
 e - a scroll of enchant weapon {unknown}
 g - a scroll of fog {unknown}
 h - 2 scrolls of magic mapping {unknown}
 i - a scroll of random uselessness {unknown}
 j - a scroll of teleportation {unknown}
 l - a scroll of noise {unknown}
 m - 5 scrolls of identify {unknown}
 r - a scroll of remove curse {unknown}
 t - a scroll of amnesia {unknown}
Potions
 f - a potion of degeneration {unknown}
 k - a potion of heal wounds
 n - a potion of flight {unknown}
 o - 2 potions of brilliance {unknown}
 p - 3 potions of curing {unknown}
 q - a potion of might {unknown}
 s - a potion of berserk rage {unknown}
 w - a potion of haste {unknown}
 z - a potion of ambrosia {unknown}
Miscellaneous
 d - a box of beasts
Comestibles
 c - a bread ration
 v - a chunk of flesh


   Skills:
 + Level 4.0 Fighting
 + Level 3.0 Long Blades
 + Level 2.3 Armour
 + Level 1.4 Dodging
 + Level 0.2 Stealth
 + Level 2.9 Invocations


You had 3 spell levels left.
You didn't know any spells.

Dungeon Overview and Level Annotations

Branches:
Dungeon (3/15)

Altars:

Annotations:
D:3 Natasha


Innate Abilities, Weirdness & Mutations

You have a pair of small antennae on your head.
You sometimes gain power by taking damage.


Message History

Found a ring mail.
Natasha hisses angrily.
Natasha mumbles some strange words.
You barely miss Natasha.
Natasha mumbles some strange words.
The white imp gestures at you. The puff of frost hits you!
You hit Natasha but do no damage. Natasha closely misses you.
The white imp gestures at you. The puff of frost hits you! Natasha claws you.
You closely miss Natasha. Natasha completely misses you.
You riposte.
You hit Natasha but do no damage. You barely miss Natasha.
Natasha casts a spell at you. The magic dart hits you!
* * * LOW HITPOINT WARNING * * *
You hit Natasha.
Natasha is moderately wounded.
The white imp gestures at you. The puff of frost hits you!
You die...

#...# #........#
#...# #.....)..#
#...# #........#
#...# #........#
#...####........####.
#...##........?......
######.....).........
######5..............
......5@.............
......h....##........
...$.....!.##........
..[........##........
...........##........
...........##........
............
.............


You could see an iron imp, Natasha and a white imp.

Vanquished Creatures
  Natasha (D:3)
  3 adders
  2 worms
  2 dart slugs (D:1)
  A leopard gecko (D:1)
  8 bats
  2 giant cockroaches (D:2)
  13 goblins
  8 hobgoblins
  2 jackals (D:2)
  7 kobolds
  A quokka (D:2)
  5 frilled lizards
  7 rats
62 creatures vanquished.

Notes
Turn   | Place    | Note
-------+----------+-------------------------------------------
     0 | Abyss:1  | McKennaii the Demonspawn Abyssal Knight began the quest for the Orb.
     0 | Abyss:1  | Reached XP level 1. HP: 18/18 MP: 2/2
    46 | Abyss:2  | Noticed a small abomination
    50 | D:1      | Escaped the Abyss
   180 | D:1      | Gained mutation: You sometimes gain a little power by taking damage. [demonic ancestry]
   180 | D:1      | Reached XP level 2. HP: 12/24 MP: 4/4
   380 | D:1      | Reached skill level 1 in Dodging
   576 | D:1      | Reached * piety under Lugonu
   721 | D:1      | Gained mutation: You sometimes gain power by taking damage. [demonic ancestry]
   721 | D:1      | Reached XP level 3. HP: 29/29 MP: 5/5
  1587 | D:2      | Found a faded altar of an unknown god.
  2619 | D:3      | Gained mutation: You have a pair of small antennae on your head. [demonic ancestry]
  2619 | D:3      | Reached XP level 4. HP: 37/37 MP: 6/6
  2973 | D:3      | Noticed Natasha
  2981 | D:3      | Killed Natasha
  2981 | D:3      | Reached skill level 4 in Fighting
  3077 | D:3      | Noticed Natasha
  3088 | D:3      | Killed from afar by a white imp

Skill      XL: |  1  2  3  4 |
---------------+-------------+-----
Dodging        | 1 |  1.4
Long Blades    | 2 3 |  3.0
Armour         | 2 |  2.3
Fighting       | 4 |  4.0
Stealth        | |  0.2
Invocations    | |  2.9

Action                   |  1- 3 |  4- 6 || total
-------------------------+-------+-------++-------
Melee: Falchion          |   123 |    55 ||   178
Invok: Depart the Abyss  |     1 |       ||     1
 Stab: Sleeping          |     2 |       ||     2
  Eat: Chunk             |     2 |       ||     2
       Meat ration       |     1 |       ||     1
Armor: Leather armour    |    33 |    17 ||    50
Dodge: Dodged            |    79 |    40 ||   119
       Rpst.: Falchion   |    25 |    13 ||    38
